 Dungeon Crawl Stone Soup version 0.26.1-11-gd32895ea62 (webtiles) character file.

Game seed: 3175604275645500689

214 vvl the Insei (level 5, -10/38 HPs)
             Began as a Demonspawn Transmuter on July 14, 2021.
             Mangled by an ogre
             ... wielding a +0 giant spiked club
              (19 damage)
             ... on level 4 of the Dungeon.
             The game lasted 00:06:55 (3596 turns).

vvl the Insei (Demonspawn Transmuter)               Turns: 3596, Time: 00:06:56

Health: -10/38     AC:  7    Str: 11    XL:     5   Next: 59%
Magic:  8/8        EV: 10    Int: 14    God:
Gold:   155        SH:  4    Dex: 14    Spells: 8/9 levels left

rFire    . . .     SeeInvis .   l - +2 dagger (venom)
rCold    + . .     Faith    .   m - +0 buckler
rNeg     . . .     Spirit   .   r - +0 ring mail
rPois    .         Reflect  .   (no helmet)
rElec    .         Harm     .   s - +0 cloak
rCorr    .         Rampage  .   (no gloves)
Will     .....                  o - +0 pair of boots
Stlth    +.........             (no amulet)
HPRegen  0.12/turn              (no ring)
MPRegen  0.11/turn              (no ring)

@: no status effects
A: claws 1, cold resistance 1
a: no special abilities


You were on level 4 of the Dungeon.
You visited 1 branch of the dungeon, and saw 4 of its levels.

You collected 155 gold pieces.

Inventory:

Hand Weapons
 l - a +2 dagger of venom (weapon)
Armour
 m - a +0 buckler (worn)
 o - a +0 pair of boots (worn)
 r - a +0 ring mail (worn)
 s - a +0 cloak (worn)
Jewellery
 k - an uncursed amulet of faith
Scrolls
 b - 3 scrolls of remove curse {unknown}
 c - 2 scrolls of enchant armour {unknown}
 f - 3 scrolls of teleportation {unknown}
 j - 8 scrolls of identify {unknown}
 n - 3 scrolls of random uselessness {unknown}
 q - a scroll of noise {unknown}
Potions
 a - 2 potions of mutation {unknown}
 d - a potion of berserk rage {unknown}
 e - a potion of degeneration {unknown}
 g - a potion of lignification {unknown}
 h - 3 potions of curing {unknown}
 i - a potion of brilliance {unknown}
 p - 2 potions of ambrosia {unknown}
 t - a potion of invisibility {unknown}
 u - a potion of magic {unknown}


   Skills:
 + Level 2.1 Fighting
 + Level 0.8 Armour
 + Level 2.4 Dodging
 + Level 1.0 Shields
 + Level 3.5 Unarmed Combat
 + Level 2.5 Spellcasting
 + Level 1.2 Necromancy
 * Level 3.0 Transmutations


You had 8 spell levels left.
You knew the following spells:

 Your Spells              Type           Power        Failure   Level
a - Beastly Appendage     Tmut           20%          22%         1

Your spell library contained the following spells:

 Spells                   Type           Power        Failure   Level
 Wereblood                Tmut           10%          34%         2
 Animate Skeleton         Necr           10%          43%         1
 Apportation              Tloc           2%           63%         1
 Corona                   Hex            1%           63%         1
 Summon Small Mammal      Summ           4%           63%         1
 Spider Form              Tmut/Pois      3%           78%         3
 Ice Form                 Ice/Tmut       6%           99%         4
 Blade Hands              Tmut           5%           99%         5


Dungeon Overview and Level Annotations

Branches:
Dungeon (4/15)
 Temple: D:4-7

Altars:
Ashenzari
Sif Muna
Uskayaw

Shops:
D:4 =

Annotations:
D:4 3 runed translucent doors


Innate Abilities, Weirdness & Mutations

You have sharp fingernails.
Your flesh is cold resistant. (rC+)


Message History

The quokka barely misses you. x2
You hit the quokka.
You kill the quokka!
No target in view!
No target in view!
No target in view!
u - an inky potion
Found 3 javelins.
An ogre comes into view. It is wielding a +0 giant spiked club.
An ogre is nearby!
An ogre comes into view. It is wielding a +0 giant spiked club.
The kobold shouts!
You hear a shout! x2
The ogre hits you with a +0 giant spiked club!!
Ouch! That really hurt!
* * * LOW HITPOINT WARNING * * *
You hit the ogre.
The ogre is poisoned.
The ogre is lightly wounded.
The ogre hits you with a +0 giant spiked club!!
Ouch! That really hurt!
You die...

......#....# ........#..#
#######+#..#
..............##############
............†..............#
.............>.............#
..(........................#
...........................#
...............O@..........#
..............O............#
...........................#
...........................#
.....########..............#
..... #..............# .....
#..............# .....
###....######### .....
#....#


You could see 2 ogres.

Vanquished Creatures
  A bullfrog (D:3)
  An iguana (D:4)
  2 adders
  4 oozes
  2 worms
  4 dart slugs (D:1)
  2 orcs (D:3)
  A ball python (D:1)
  6 bats
  4 giant cockroaches
  10 goblins
  7 hobgoblins
  2 quokkas
  6 frilled lizards
  9 kobolds
  9 rats
70 creatures vanquished.

Notes
Turn   | Place    | Note
-------+----------+-------------------------------------------
     0 | D:1      | vvl the Demonspawn Transmuter began the quest for the Orb.
     0 | D:1      | Reached XP level 1. HP: 15/15 MP: 3/3
   337 | D:1      | Gained mutation: You have sharp fingernails. [demonic
                  | ancestry]
   337 | D:1      | Reached XP level 2. HP: 10/21 MP: 3/5
   951 | D:1      | Reached XP level 3. HP: 21/26 MP: 4/6
  1894 | D:2      | Reached XP level 4. HP: 28/33 MP: 7/7
  2086 | D:2      | Found a hide-covered altar of Uskayaw.
  2349 | D:3      | Noticed a bullfrog
  2364 | D:3      | Killed a bullfrog
  2365 | D:3      | Gained mutation: Your flesh is cold resistant. (rC+)
                  | [demonic ancestry]
  2365 | D:3      | Reached XP level 5. HP: 19/38 MP: 8/8
  2673 | D:3      | Found a shimmering blue altar of Sif Muna.
  2675 | D:3      | Found a broken altar of Ashenzari.
  2855 | D:3      | Reached skill level 1 in Necromancy
  2955 | D:3      | You fall into a shaft and drop 1 floor!
  2955 | D:4      | Found Koaheor's Jewellery Shop.
  3442 | D:4      | Reached skill level 1 in Shields
  3582 | D:4      | Noticed an ogre
  3583 | D:4      | Found a runed translucent gate.
  3583 | D:4      | Found a runed translucent gate.
  3583 | D:4      | Noticed an ogre
  3584 | D:4      | Found a runed translucent gate.
  3596 | D:4      | Mangled by an ogre

Illustrated notes

Levels and vault maps discovered:
D:1:      co_arrival_square_in_a_square_in_a_square, layout_loops_ring,
          kennysheep_another_room, minmay_ruptured
D:2:      layout_rooms, lemuel_coloured_pillars_altar, grunt_decor_one_mirror
D:3:      layout_basic, minitemple
D:4:      layout_basic, kennysheep_little_box, gammafunk_ghost_nasty_kobolds,
          serial_shops, nicolae_shop_statue_plus

Skill      XL: |  1  2  3  4  5 |
---------------+----------------+-----
Transmutations | 2 3 |  3.0
Unarmed Combat | 3 |  3.5
Dodging        | 2 |  2.4
Fighting       | 2 |  2.1
Necromancy     | 1 |  1.2
Shields        | 1 |  1.0
Armour         | |  0.8
Spellcasting   | |  2.5

Action                   |  1- 3 |  4- 6 || total
-------------------------+-------+-------++-------
Melee: Unarmed           |    73 |       ||    73
       Headbutt          |     7 |       ||     7
       Kick              |     6 |       ||     6
       Dagger            |    41 |    84 ||   125
 Cast: Beastly Appendage |     7 |       ||     7
 Stab: Sleeping          |     1 |       ||     1
Armor: Robe              |    12 |     6 ||    18
       Ring mail         |       |    11 ||    11
Dodge: Dodged            |    65 |    41 ||   106
Block: Buckler           |     6 |    10 ||    16
